 Dungeon Crawl Stone Soup version 0.30.1 (webtiles) character file.

Game seed: 684297493045486850

1809 jurchenman the Thaumaturge (level 8, -3/41 HPs)
             Began as a Deep Elf Conjurer on July 5, 2023.
             Was an Initiate of Vehumet.
             Slain by a hornet (12 damage)
             ... while paralysed by a hornet
             ... on level 7 of the Dungeon.
             The game lasted 00:15:30 (6573 turns).

jurchenman the Thaumaturge (Deep Elf Conjurer)      Turns: 6573, Time: 00:15:31

Health: -3/41      AC:  4    Str:  4    XL:     8   Next: 84%
Magic:  11/22      EV:  2    Int: 29    God:    Vehumet [......]
Gold:   341        SH:  0    Dex: 13    Spells: 8/23 levels left

rFire   . . .        q - +0 dagger (venom)
rCold   . . .        (no shield)
rNeg    . . .        a - +0 robe
rPois   .            n - +1 helmet {Int+3}
rElec   .            (no cloak)
rCorr   .            (no gloves)
SInv    .            (no boots)
Will    .....        e - amulet of the acrobat
Stlth   ++           (no ring)
HPRegen 0.26/turn    (no ring)
MPRegen 0.18/turn

%: acrobat
@: paralysed, lethally poisoned (-3 -> -17)
A: no striking features
a: Renounce Religion


You were on level 7 of the Dungeon.
You worshipped Vehumet.
Vehumet was noncommittal.
You visited 2 branches of the dungeon, and saw 8 of its levels.
You also visited: Sewer.

You collected 341 gold pieces.

Inventory:

Hand Weapons
 c - a +0 short sword
 f - a +0 dagger
 l - a +2 halberd of distortion
 q - a +0 dagger of venom (weapon)
Armour
 a - a +0 robe (worn)
 n - a +1 helmet of intelligence (worn)
Jewellery
 e - an amulet of the acrobat (around neck)
 m - an amulet of guardian spirit
Wands
 h - a wand of mindburst (35)
Scrolls
 g - a scroll of blinking
 p - a scroll of teleportation
 s - a scroll of amnesia
Potions
 b - a potion of magic
 d - a potion of heal wounds
 i - a potion of might
 j - a potion of berserk rage
 k - a potion of brilliance
 o - a potion of mutation {unknown}
 r - 2 potions of attraction {unknown}


   Skills:
 - Level 6.0 Dodging
 - Level 2.4 Stealth
 + Level 8.3 Spellcasting
 + Level 7.9 Conjurations
 + Level 5.9 Hexes
 + Level 4.2 Translocations


You had 8 spell levels left.
You knew the following spells:

 Your Spells              Type           Power      Damage    Failure   Level
a - Magic Dart            Conj           100%       1d8       1%          1
b - Searing Ray           Conj           100%       2d8       1%          2
c - Fulminant Prism       Conj/Hex       25%        3d14      2%          4
d - Momentum Strike       Conj/Tloc      94%        3d10      1%          2
e - Iskenderun's Mystic   Conj/Tloc      47%        2d10      3%          4
f - Blink                 Tloc           72%        N/A       1%          2

Your spell library contained the following spells:

 Spells                   Type           Power      Damage    Failure   Level
 Ensorcelled Hibernation  Hex/Ice        58%        N/A       1%          2
 Lesser Beckoning         Tloc           72%        N/A       1%          2
 Dazzling Flash           Conj/Hex       100%       N/A       1%          3
 Passwall                 Tmut/Erth      10%        N/A       7%          2
 Swiftness                Air            12%        N/A       14%         3
 Silence                  Hex/Air        14%        N/A       36%         5
 Agony                    Necr           12%        N/A       77%         5


Dungeon Overview and Level Annotations

Branches:
Dungeon (7/15)             Temple (1/1) D:5           Sewer (visited)

Altars:
Cheibriados
Elyvilon
Fedhas
Gozag
Hepliaklqana
Nemelex Xobeh
Qazlal
Ru
Trog
Uskayaw
Vehumet
Wu Jian
Xom
Yredelemnul
Zin

Shops:
D:3 *


Message History

Casting: Searing Ray (safe; 1% risk of failure)
Confirm with . or Enter, or press ? or * to list all spells.
Aiming: Searing Ray (safe; 1% risk of failure)
Press: ? - help, Shift-Dir - straight line, f/p - bullfrog
Aim: a bullfrog (moderately wounded, 79% to hit)
The searing ray hits the bullfrog.
The bullfrog is moderately wounded. (Press . to maintain the ray.)
The bullfrog completely misses you.
A hornet comes into view.
The searing ray hits the bullfrog!
The bullfrog is almost dead.
The hornet buzzes angrily.
The bullfrog completely misses you. x2
The searing ray hits the bullfrog!
You kill the bullfrog!
Vehumet accepts your kill.
Unknown command.
The searing ray hits the hornet!
The hornet is lightly wounded.
You finish channelling your searing ray.
Casting: Searing Ray (safe; 1% risk of failure)
Confirm with . or Enter, or press ? or * to list all spells.
Aiming: Searing Ray (safe; 1% risk of failure)
Press: ? - help, Shift-Dir - straight line, f - hornet
Aim: a hornet (lightly wounded, 74% to hit)
The searing ray hits the hornet.
The hornet is moderately wounded. (Press . to maintain the ray.)
The hornet stings you!
You are poisoned.
You suddenly lose the ability to move!
You feel sick. The hornet stings you!
You are lethally poisoned!
You feel yourself slow down.
You feel yourself speed up.
* * * LOW HITPOINT WARNING * * *
You feel very sick. The hornet barely misses you. The hornet stings you!
You die...

..# .. $###.#
########.....#
#.....<..#
#.......######
#>.....#)....#
#.....y#)....#
#.....@#.....####..#
########......F.)..#
#.....####.##
#..$....#
#.....#....
#.....#..## #...??.
## ....##.# ....>#
.#


You could see a hornet.

Vanquished Creatures
  2 water moccasins
  Pargi (Sewer)
  3 black bears
  A sky beast (D:6)
  An ice beast (D:5)
  An ogre (D:4)
  2 phantoms (D:5)
  A bullfrog (D:7)
  A kobold brigand (D:6)
  A scorpion (D:5)
  2 orc priests
  5 hounds
  A jelly (D:7)
  Ijyb (D:3)
  2 orc wizards
  11 gnolls
  9 adders
  4 worms
  A dart slug (D:1)
  14 orcs
  12 bats
  6 endoplasms
  6 giant cockroaches
  7 goblins
  7 hobgoblins
  3 jackals (D:4)
  A quokka (D:1)
  6 ball pythons
  5 frilled lizards
  10 kobolds
  8 rats
135 creatures vanquished.

Vanquished Creatures (others)
  A fulminant prism (D:6)
1 creature vanquished.

Grand Total: 136 creatures vanquished

Notes
Turn   | Place    | Note
-------+----------+-------------------------------------------
     0 | D:1      | jurchenman the Deep Elf Conjurer began the quest for the
                  | Orb.
     0 | D:1      | Reached XP level 1. HP: 10/10 MP: 6/6
   234 | D:1      | Reached XP level 2. HP: 15/15 MP: 3/8
   280 | D:1      | Learned a level 2 spell: Searing Ray
   985 | D:2      | Reached skill level 4 in Spellcasting
  1071 | D:2      | Reached skill level 5 in Conjurations
  1071 | D:2      | Reached XP level 3. HP: 19/19 MP: 3/10
  1483 | D:2      | Reached XP level 4. HP: 24/24 MP: 8/12
  1835 | D:3      | Found Yluonler's Assorted Antiques.
  1883 | D:3      | Found a glowing drain.
  1951 | Sewer    | Entered a sewer
  2032 | Sewer    | Noticed Pargi
  2038 | Sewer    | Killed Pargi
  2039 | Sewer    | Reached skill level 5 in Spellcasting
  2039 | Sewer    | Reached XP level 5. HP: 28/28 MP: 7/14
  2129 | D:3      | Learned a level 4 spell: Fulminant Prism
  2444 | D:3      | Found a white marble altar of Elyvilon.
  2740 | D:3      | Noticed Ijyb
  2744 | D:3      | Killed Ijyb
  2745 | D:3      | Reached skill level 1 in Hexes
  2847 | D:3      | Reached XP level 6. HP: 32/32 MP: 9/16
  2978 | D:3      | Found an ornate altar of the Wu Jian Council.
  3214 | D:3      | Found a shimmering altar of Xom.
  3416 | D:4      | Found a stormy altar of Qazlal.
  3558 | D:4      | Reached skill level 6 in Spellcasting
  3668 | D:4      | Found a faded altar of an unknown god.
  3668 | D:4      | Found a faded altar of an unknown god.
  3690 | D:4      | Found a hazy altar of Hepliaklqana.
  3806 | D:4      | Found a stormy altar of Qazlal.
  3994 | D:4      | Learned a level 2 spell: Momentum Strike
  3995 | D:5      | Entered Level 5 of the Dungeon
  4098 | D:5      | Noticed a water moccasin
  4106 | D:5      | Killed a water moccasin
  4107 | D:5      | Reached skill level 1 in Translocations
  4107 | D:5      | Reached XP level 7. HP: 36/36 MP: 8/18
  4206 | D:5      | Found a staircase to the Ecumenical Temple.
  4222 | Temple   | Entered the Ecumenical Temple
  4235 | Temple   | Became a worshipper of Vehumet
  4464 | D:5      | Reached skill level 5 in Dodging
  4648 | D:5      | Reached skill level 7 in Spellcasting
  4714 | D:5      | Found a hide-covered altar of Uskayaw.
  4806 | D:5      | Reached XP level 8. HP: 41/41 MP: 14/20
  5163 | D:5      | Learned a level 4 spell: Iskenderun's Mystic Blast
  5166 | D:5      | Learned a level 2 spell: Blink
  5474 | D:6      | Reached skill level 5 in Hexes
  6071 | D:6      | Reached skill level 8 in Spellcasting
  6567 | D:7      | Noticed a hornet
  6571 | D:7      | Paralysed by a hornet for 3 turns
  6573 | D:7      | Slain by a hornet

Illustrated notes

Levels and vault maps discovered:
D:1:      amcnicky_arrival_single_pillar, layout_loops_ring, minivault_23
D:2:      layout_basic
D:3:      layout_basic, elyvilon_altar_1, mainiacjoe_overflow_swirl,
          serial_shops, nicolae_shop_window_shopping,
          cheibrodos_sewer_entry_bend, minmay_misc_feat_square, uniq_ijyb
D:4:      layout_cave_pools, mainiacjoe_overflow_small_starburst,
          nicolae_hepliaklqana_ecumenical_no_more, serial_park,
          serial_park_gazebo [serial_park_minivault_5x5_8],
          serial_park_tiny_pond, serial_park_tiny_pond, serial_park_square1
          [serial_park_minivault_5x5_2], hangedman_decor_clover_reticule
D:5:      layout_gridville, mainiacjoe_overflow_brackets,
          minmay_temple_entry_large_hall
D:6:      layout_basic
D:7:      layout_rooms, nicolae_nh_ransacked_shop
Temple:   hellmonk_temple_forest_ring

Skill      XL: |  1  2  3  4  5  6  7  8 |
---------------+-------------------------+-----
Spellcasting   | 4 5 6 7 8 |  8.3
Conjurations   | 5 6 7 |  7.9
Dodging        | 3 4 5 6 |  6.0
Hexes          | 1 2 4 5 |  5.9
Translocations | 1 2 4 |  4.2
Stealth        | |  2.4

Action                     |  1- 3 |  4- 6 |  7- 9 || total
---------------------------+-------+-------+-------++-------
  Melee: Short sword       |     3 |       |       ||     3
         Dagger            |     2 |     4 |    11 ||    17
   Cast: Magic Dart        |    67 |   114 |    57 ||   238
         Searing Ray       |     2 |    11 |    24 ||    37
         Fulminant Prism   |       |       |     1 ||     1
         Momentum Strike   |       |       |     1 ||     1
    Use: Scroll            |     2 |     8 |     3 ||    13
   Stab: Sleeping          |     2 |       |     3 ||     5
 Armour: Robe              |     1 |     4 |     6 ||    11
  Dodge: Dodged            |     2 |    16 |    40 ||    58
